 Dungeon Crawl Stone Soup version 0.19-b1-4-gd8a0a2a (webtiles) character file.

482 vev the Sneak (level 6, -3/30 HPs)
             Began as a Spriggan Conjurer on Oct 30, 2016.
             Killed from afar by an orc wizard (9 damage)
             ... with a puff of flame
             ... on level 4 of the Dungeon.
             The game lasted 00:08:05 (4767 turns).

vev the Sneak (Spriggan Conjurer)                   Turns: 4767, Time: 00:08:06

Health: -3/30      AC:  2    Str:  2 (4)  XL:     6   Next: 87%
Magic:  1/11       EV: 19    Int: 22 (24) God:
Gold:   88         SH:  0    Dex: 15 (16) Spells: 2 memorised, 6 levels left

rFire  . . .     SeeInvis +     f - +2 short sword (speed)
rCold  . . .     Gourm    .     a - +0 robe
rNeg   . . .     Faith    .     (shield restricted)
rPois  .         Spirit   .     (helmet restricted)
rElec  .         Reflect  .     (no cloak)
rCorr  .         Harm     .     (gloves unavailable)
MR     +....                    (boots unavailable)
Stlth  ++++......               (no amulet)
                                (no ring)
                                (no ring)

@: brilliant, flying, very slightly contaminated, hasted, very quick
A: unfitting armour, see invisible, herbivore 3, speed 3, slow metabolism 2
a: no special abilities


You were on level 4 of the Dungeon.
You were not hungry.

You visited 1 branch of the dungeon, and saw 4 of its levels.

You collected 88 gold pieces.

Inventory:

Hand Weapons
 f - a +2 short sword of speed (weapon)
Armour
 a - a +0 robe (worn)
Scrolls
 d - 3 scrolls of identify {unknown}
 h - a scroll of recharging {unknown}
 j - 2 scrolls of noise {unknown}
 l - a scroll of blinking {unknown}
 q - a scroll of amnesia {unknown}
Potions
 m - 2 potions of might
Books
 b - a book of Conjurations

   Spells                             Type                      Level
   a - Magic Dart                     Conjuration                  1
   b - Searing Ray                    Conjuration                  2
   c - Dazzling Spray                 Conjuration/Hexes            3
   d - Fulminant Prism                Conjuration/Hexes            4
   e - Iskenderun's Mystic Blast      Conjuration                  4
   f - Iskenderun's Battlesphere      Conjuration/Charms           5
Comestibles
 c - 2 bread rations
 i - 3 fruits


   Skills:
 + Level 1.7 Fighting
 + Level 3.7 Short Blades
 + Level 4.4 Dodging
 + Level 7.1 Stealth
 - Level 2.6 Spellcasting
 - Level 2.9 Conjurations
 * Level 3.2 Hexes


You had 6 spell levels left.
You knew the following spells:

 Your Spells              Type           Power        Failure   Level  Hunger
a - Magic Dart            Conj           ####         1%          1    None
d - Dazzling Spray        Conj/Hex       ####..       1%          3    ###....


Dungeon Overview and Level Annotations

Branches:
Dungeon (4/15)
 Temple: D:4-7

Altars:


Innate Abilities, Weirdness & Mutations

You are very small and have problems with some larger weapons.
You are too small for most types of armour.
You have supernaturally acute eyesight. (SInv)
You are a herbivore.
You cover ground extremely quickly.
You need consume almost no food.


Message History

The orc wizard looks satisfied for a moment.
It was a potion of brilliance.
You feel clever all of a sudden. The orc wizard misses you.
It was a potion of flight.
You feel very buoyant.
You fly up into the air.
The orc wizard hits you with a dagger of freezing.
* * * LOW HITPOINT WARNING * * *
The orc wizard freezes you.
* * * LOW HITPOINT WARNING * * *
Okay, then.
It was a potion of degeneration.
There was something very wrong with that liquid.
You feel weakened.
You feel dopey.
You feel clumsy. The orc wizard barely misses you.
It was a potion of haste.
You feel yourself speed up.
The orc wizard points at you and mumbles some strange words.
The puff of flame hits you!
You die...

#########################
#>.............@oo.......
#..##############.######
#).# ..............# #..#
.......##.###.#.# #..#
######.#....#.#.# ##..#
#.#.o..#.#.# ....#
#.#.#..#.#.# ##..#
#.#.#)<#.#.# #..#
#.#.##o#.#.#


You could see an orc priest and an orc wizard.

Vanquished Creatures
  Purgy (D:3)
  An ogre (D:4)
  An orc priest (D:3)
  Natasha (thrice) (D:3)
  2 orc wizards (D:4)
  A worker ant (D:3)
  4 adders
  A worm (D:2)
  2 dart slugs (D:1)
  2 leopard geckos
  9 orcs
  A ball python (D:2)
  7 bats
  7 goblins
  13 hobgoblins
  5 kobolds
  A quokka (D:2)
  5 frilled lizards
  8 rats
74 creatures vanquished.

Vanquished Creatures (others)
  4 toadstools (D:1)
4 creatures vanquished.

Grand Total: 78 creatures vanquished

Notes
Turn   | Place    | Note
-------+----------+-------------------------------------------
     0 | D:1      | vev the Spriggan Conjurer began the quest for the Orb.
     0 | D:1      | Reached XP level 1. HP: 9/9 MP: 5/5
   332 | D:1      | Reached skill level 4 in Stealth
   460 | D:1      | Reached XP level 2. HP: 13/13 MP: 3/6
  1090 | D:2      | Reached skill level 1 in Short Blades
  1108 | D:2      | Reached XP level 3. HP: 16/16 MP: 6/8
  1188 | D:2      | Reached skill level 5 in Stealth
  1224 | D:2      | HP: 1/16 [worm (9)]
  1569 | D:2      | Reached skill level 2 in Short Blades
  2073 | D:3      | Noticed Natasha
  2078 | D:3      | Killed Natasha
  2078 | D:3      | Reached skill level 6 in Stealth
  2078 | D:3      | Reached XP level 4. HP: 21/21 MP: 9/9
  2364 | D:3      | Reached XP level 5. HP: 24/25 MP: 8/10
  2670 | D:3      | Noticed Natasha
  2675 | D:3      | Killed Natasha
  2675 | D:3      | Reached skill level 3 in Short Blades
  2919 | D:3      | Noticed Purgy
  2967 | D:2      | Learned a level 3 spell: Dazzling Spray
  4058 | D:3      | Killed Purgy
  4058 | D:3      | Reached skill level 1 in Fighting
  4058 | D:3      | Reached skill level 4 in Dodging
  4058 | D:3      | Reached skill level 2 in Hexes
  4058 | D:3      | Reached XP level 6. HP: 12/30 MP: 1/11
  4345 | D:3      | Noticed Natasha
  4351 | D:3      | Killed Natasha
  4739 | D:4      | Reached skill level 7 in Stealth
  4739 | D:4      | Reached skill level 3 in Hexes
  4767 | D:4      | Killed from afar by an orc wizard

Skill      XL: |  1  2  3  4  5  6 |
---------------+-------------------+-----
Stealth        | 4 6 7 |  7.1
Short Blades   | 1 2 3 |  3.7
Fighting       | 1 |  1.7
Dodging        | 4 |  4.4
Hexes          | 2 3 |  3.2
Spellcasting   | |  2.6
Conjurations   | |  2.9

Action                   |  1- 3 |  4- 6 || total
-------------------------+-------+-------++-------
Melee: Unarmed           |    12 |       ||    12
       Short sword       |    42 |   133 ||   175
 Cast: Magic Dart        |    58 |    36 ||    94
       Dazzling Spray    |       |    14 ||    14
  Use: Potion            |       |     6 ||     6
 Stab: Sleeping          |     6 |     8 ||    14
       Invisible         |       |     6 ||     6
       Distracted        |       |     1 ||     1
  Eat: Pizza             |       |     1 ||     1
       Bread ration      |       |     1 ||     1
Armor: Robe              |     6 |     7 ||    13
Dodge: Dodged            |    52 |    99 ||   151
